 Dungeon Crawl Stone Soup version 0.29.1-1-gd02db6906a (webtiles) character file.

Game seed: 8722560057488254867

379 vvl the Trooper (level 6, 0/48 HPs)
             Began as a Demonspawn Fighter on Oct 14, 2022.
             Slain by a gnoll
             ... wielding a +0 flail
              (3 damage)
             ... on level 4 of the Dungeon.
             The game lasted 00:06:25 (4030 turns).

vvl the Trooper (Demonspawn Fighter)                Turns: 4030, Time: 00:06:27

Health: 0/48       AC: 10    Str: 15 (16) XL:     6   Next: 45%
Magic:  9/9        EV:  8    Int: 10 (11) God:
Gold:   208        SH:  5    Dex: 18 (19) Spells: 9/9 levels left

rFire   . . .      SeeInvis +   f - +2 dagger (venom)
rCold   . . .      Faith    .   c - +0 buckler
rNeg    . . .      Spirit   .   b - +0 scale mail
rPois   .          Reflect  .   l - +2 helmet
rElec   .          Harm     .   (no cloak)
rCorr   .          Rampage  .   (no gloves)
Will    .....                   (no boots)
Stlth   ..........              i - amulet of magic regeneration
HPRegen 0.16/turn               q - +6 ring of dexterity
MPRegen 0.51/turn               t - ring of see invisible

@: mighty
A: powered by pain 1, demonic touch 2
a: no special abilities


You were on level 4 of the Dungeon.
You visited 1 branch of the dungeon, and saw 4 of its levels.

You collected 208 gold pieces.

Inventory:

Hand Weapons
 a - a +0 long sword
 f - a +2 dagger of venom (weapon)
Armour
 b - a +0 scale mail (worn)
 c - a +0 buckler (worn)
 l - a +2 helmet (worn)
Jewellery
 i - an amulet of magic regeneration (around neck)
 q - a +6 ring of dexterity (left hand)
 t - a ring of see invisible (right hand)
 u - a ring of magical power
 w - a ring of poison resistance
 x - a ring of fire
Scrolls
 g - 6 scrolls of identify {unknown}
 h - 2 scrolls of fear {unknown}
 j - a scroll of fog {unknown}
 k - 2 scrolls of magic mapping {unknown}
 m - 2 scrolls of immolation {unknown}
 n - a scroll of amnesia {unknown}
 r - a scroll of vulnerability {unknown}
 y - a scroll of teleportation {unknown}
Potions
 d - a potion of might
 e - a potion of mutation {unknown}
 o - a potion of magic
 p - a potion of degeneration
 s - a potion of brilliance {unknown}
 v - a potion of resistance
 z - a potion of lignification {unknown}


   Skills:
 + Level 4.0 Fighting
 + Level 2.9 Long Blades
 + Level 3.6 Armour
 + Level 3.6 Shields
 + Level 2.1 Spellcasting
 + Level 2.6 Necromancy


You had 9 spell levels left.
You didn't know any spells.
Your spell library contained the following spells:

 Spells                   Type           Power      Damage    Failure   Level
 Ignite Poison            Fire/Tmut/Pois 1%         N/A       99%         3
 Mephitic Cloud           Conj/Pois/Air  1%         N/A       99%         3
 Freezing Cloud           Conj/Ice/Air   0%         6-21      100%        5


Dungeon Overview and Level Annotations

Branches:
Dungeon (4/15)
 Temple: D:4-7

Altars:
Dithmenos


Innate Abilities, Weirdness & Mutations

You sometimes gain a little power by taking damage.
Your touch may inflict irresistible damage on your foes.


Message History

The gnoll hits you with a +0 spear.
A kobold comes into view. It is wielding a +0 whip.
An orc comes into view. It is wielding a +0 mace.
You block the hound's attack.
The orc moves out of view.
The hound attacks as you move away! The hound bites you but does no damage.
You block the gnoll's attack.
You puncture the hound!
The hound is poisoned.
The hound is heavily wounded.
The hound barely misses you. You block the gnoll's attack.
The hound bites you but does no damage.
You hit the hound.
The hound looks as sick as possible!
The hound is almost dead.
The hound bites you but does no damage.
You puncture the hound!
You kill the hound!
Your Fighting skill increases to level 4!
You completely miss the gnoll.
The gnoll hits you with a +1 flail of protection.
You block the gnoll's attack.
You barely miss the gnoll.
The gnoll hits you with a +1 flail of protection.
The gnoll hits you from afar with a +0 spear!
You hit the gnoll.
The gnoll is poisoned.
The gnoll is heavily wounded.
The gnoll hits you but does no damage. You block the gnoll's attack.
You hit the gnoll.
The gnoll is almost dead.
You kill the gnoll!
The gnoll hits you from afar with a +0 spear.
You barely miss the gnoll. You block the gnoll's attack.
The gnoll hits you with a +0 flail!
* * * LOW HITPOINT WARNING * * *
Unknown command.
You hit the gnoll.
The gnoll is poisoned.
The gnoll is moderately wounded.
The orc priest calls down the wrath of Beogh upon you.
Beogh smites you!
* * * LOW HITPOINT WARNING * * *
The gnoll hits you but does no damage. The gnoll hits you with a +0 flail.
You die...

#...#
#####.#.#
........#
o.......#
........#
.....owo#
o.....gK#
#g# #@#
######.#
#......#####
#.##.......#
#..<.....+
#........#
#...)....#
#........#
#........#


You could see a worm, an orc priest, 2 gnolls, an orc and a kobold.

Vanquished Creatures
  2 kobold brigands (D:3)
  A hound (D:4)
  An iguana (D:3)
  2 orc wizards (D:3)
  A gnoll (D:4)
  6 adders
  A worm (D:2)
  A dart slug (D:2)
  4 orcs
  7 endoplasms
  2 giant cockroaches
  7 goblins
  7 hobgoblins
  2 jackals (D:1)
  2 quokkas (D:3)
  5 ball pythons
  5 bats
  3 frilled lizards
  12 kobolds
  6 rats
77 creatures vanquished.

Vanquished Creatures (others)
  5 plants (D:4)
5 creatures vanquished.

Grand Total: 82 creatures vanquished

Notes
Turn   | Place    | Note
-------+----------+-------------------------------------------
     0 | D:1      | vvl the Demonspawn Fighter began the quest for the Orb.
     0 | D:1      | Reached XP level 1. HP: 18/18 MP: 1/1
   180 | D:1      | Gained mutation: You sometimes gain a little power by
                  | taking damage. [demonic ancestry]
   180 | D:1      | Reached XP level 2. HP: 10/24 MP: 2/2
   484 | D:1      | Found a faded altar of an unknown god.
  1019 | D:2      | Reached skill level 1 in Necromancy
  1019 | D:2      | Gained mutation: Your touch may inflict minor irresistible
                  | damage on your foes. [demonic ancestry]
  1019 | D:2      | Reached XP level 3. HP: 24/29 MP: 2/4
  1504 | D:2      | Reached skill level 1 in Spellcasting
  1843 | D:2      | Reached XP level 4. HP: 35/35 MP: 5/5
  2480 | D:3      | HP: 1/36 [poisoned by an adder]
  2849 | D:3      | Noticed a kobold brigand
  2849 | D:3      | Noticed a kobold brigand
  2868 | D:3      | Gained mutation: Your touch may inflict irresistible damage
                  | on your foes. [demonic ancestry]
  2868 | D:3      | Reached XP level 5. HP: 37/41 MP: 7/7
  2942 | D:3      | Found a shadowy altar of Dithmenos.
  3674 | D:3      | Reached XP level 6. HP: 27/48 MP: 7/9
  4025 | D:4      | Reached skill level 4 in Fighting
  4030 | D:4      | Slain by a gnoll

Illustrated notes

Levels and vault maps discovered:
D:1:      mainiacjoe_arrival_reflecting_pool, layout_rooms,
          shapermc_ecumenical_altar_petra, moated_statue, amethyst_killhole,
          grunt_decor_mini_mirrors
D:2:      layout_rooms, minmay_domino_4
D:3:      cheibrodos_thug_alley, layout_basic, nicolae_dithmenos_the_darkroom,
          hangedman_decor_diamond_cutter
D:4:      layout_basic, worldfamousw_hep_ancestral_shrine, nicolae_grassy_gnolls

Skill      XL: |  1  2  3  4  5  6 |
---------------+-------------------+-----
Long Blades    | 2 |  2.9
Armour         | 3 |  3.6
Necromancy     | 1 2 |  2.6
Shields        | 3 |  3.6
Spellcasting   | 1 2 |  2.1
Fighting       | 4 |  4.0

Action                   |  1- 3 |  4- 6 || total
-------------------------+-------+-------++-------
Melee: Long sword        |   119 |    85 ||   204
       Dagger            |       |    60 ||    60
  Use: Potion            |       |     6 ||     6
Armor: Scale mail        |    95 |    92 ||   187
Dodge: Dodged            |    63 |    77 ||   140
Block: Buckler           |    31 |    48 ||    79
